 Dungeon Crawl Stone Soup version 0.31-a0-237-g2d982f9f85 (webtiles) character file.

Game seed: 14318065331622120968

23 qw the Shooter (level 2, 0/16 HPs)
             Began as a Gargoyle Hexslinger on July 11, 2023.
             Slain by an adder (2 damage)
             ... on level 2 of the Dungeon.
             The game lasted 00:00:13 (369 turns).

qw the Shooter (Gargoyle Hexslinger)                 Turns: 369, Time: 00:00:13

Health: 0/16       AC:  4    Str: 11    XL:     2   Next: 95%
Magic:  3/3        EV: 12    Int: 13    God:
Gold:   13         SH:  0    Dex: 12    Spells: 2/3 levels left

rFire   . . .        a - +1 sling
rCold   . . .        (no shield)
rNeg    + . .        c - +0 robe
rPois   inf          (no helmet)
rElec   +            (no cloak)
rCorr   .            (no gloves)
SInv    .            (no boots)
Will    .....        (no amulet)
Stlth   +            (no ring)
HPRegen 0.22/turn    (no ring)
MPRegen 0.08/turn

%: no passive effects
@: no status effects
A: sickness immunity, AC +2, negative energy resistance 1, electricity
resistance, torment resistance 1, petrification resistance
a: no special abilities


You were on level 2 of the Dungeon.
You visited 1 branch of the dungeon, and saw 2 of its levels.

You collected 39 gold pieces.
You spent 26 gold pieces at shops.


Innate Abilities, Weirdness & Mutations

You are immune to sickness and miasma.
Your stone body is resilient. (AC +2)
You are immune to poison.
You resist negative energy. (rN+)
You are resistant to electric shocks. (rElec)
You are resistant to unholy torment.
You are immune to petrification.


   Skills:
 + Level 1.5 Fighting
 - Level 3.1 Ranged Weapons
 - Level 1.5 Dodging
 - Level 1.0 Spellcasting
 - Level 2.6 Hexes


You had 2 spell levels left.
You knew the following spells:

 Your Spells              Type           Power      Damage    Failure   Level
a - Slow                  Hex            28%        N/A       10%         1

Your spell library contained the following spells:

 Spells                   Type           Power      Damage    Failure   Level
 Inner Flame              Hex/Fire       4%         N/A       43%         3
 Portal Projectile        Hex/Tloc       8%         N/A       43%         3
 Cause Fear               Hex            3%         N/A       67%         4

Inventory:

Hand Weapons
 a - a +1 sling (weapon)
Armour
 c - a +0 robe (worn)
Jewellery
 d - an amulet of magic regeneration
Scrolls
 b - a scroll of poison
 e - 2 scrolls of identify {unknown}
 g - a scroll of teleportation {unknown}
Potions
 f - a potion of magic {unknown}
 h - a potion of curing {unknown}

Dungeon Overview and Level Annotations

Branches:
Dungeon (1/15)

Altars:
Nemelex Xobeh

Shops:
D:1 *


Message History

You shoot a sling bullet. The sling bullet hits the adder.
The adder is heavily wounded.
You shoot a sling bullet. The sling bullet misses the adder.
You shoot a sling bullet.
The sling bullet barely misses the adder.
The adder closely misses you. x2; The adder bites you.
You shoot a sling bullet. The sling bullet misses the adder.
The adder misses you. The adder closely misses you. The adder misses you.
The adder bites you.
You shoot a sling bullet.
The sling bullet closely misses the adder.
The rat closely misses you. The adder bites you. The adder closely misses you.
The rat barely misses you. The adder bites you.
You shoot a sling bullet. The sling bullet misses the adder.
The adder barely misses you. The adder closely misses you. The rat bites you.
The adder closely misses you.
You shoot a sling bullet. The sling bullet misses the adder.
The adder barely misses you. The adder bites you. The rat closely misses you.
The adder closely misses you.
You shoot a sling bullet. The sling bullet hits the adder.
The adder is almost dead.
The adder bites you but does no damage. The rat barely misses you.
The adder bites you but does no damage. The adder bites you.
You shoot a sling bullet.
The sling bullet closely misses the adder.
The adder bites you but does no damage. The adder bites you.
The rat bites you but does no damage. The adder closely misses you.
The adder barely misses you. The rat bites you but does no damage.
You shoot a sling bullet.
The sling bullet barely misses the adder.
The adder closely misses you. The adder misses you.
The rat completely misses you.
You shoot a sling bullet. The sling bullet misses the adder.
The adder closely misses you. The adder bites you but does no damage.
The adder bites you. The rat bites you. The adder completely misses you.
You shoot a sling bullet. The sling bullet hits the adder.
You kill the adder!
The adder bites you but does no damage. The rat bites you but does no damage.
The adder bites you.
You die...

.....###....###.....#
#.........#..._..#
#.....###........#
#.##### ###......#
#.#### #......#
#....# #......#
####.# #......+
#######'######......#
#.....%@.....########
#.....rS.....#
+............#
#..?.........#
#............#
#............#
#............#
#............#


You could see an adder and a rat.

Vanquished Creatures
  2 adders (D:2)
  2 endoplasms
  A giant cockroach (D:1)
  3 hobgoblins
  A quokka (D:2)
  A ball python (D:1)
  A bat (D:2)
  A frilled lizard (D:1)
  2 goblins (D:2)
  A rat (D:1)
15 creatures vanquished.

Notes
Turn   | Place    | Note
-------+----------+-------------------------------------------
     0 | D:1      | qw the Gargoyle Hexslinger began the quest for the Orb.
     0 | D:1      | Reached XP level 1. HP: 12/12 MP: 2/2
     0 | D:1      | 0 ||| qw: Version: 0.3-a-52-g30416fa
     0 | D:1      | 0 ||| qw: Game counter: 5700
     0 | D:1      | 0 ||| qw: Melee chars always use a shield: true
     0 | D:1      | 0 ||| qw: God list: Okawaru
     0 | D:1      | 0 ||| qw: Allow faded altars: false
     0 | D:1      | 0 ||| qw: Do Orc after clearing Dungeon:15 true
     0 | D:1      | 0 ||| qw: Do second Lair branch before Depths: true
     0 | D:1      | 0 ||| qw: Lair rune preference: random
     0 | D:1      | 0 ||| qw: Goals: Normal
     0 | D:1      | 0 ||| PLANNING D:1-11
   234 | D:1      | Found Munk's Assorted Antiques.
   266 | D:1      | 266 ||| SHOPLISTING 2 glowing dark potions (46 gold, have
                  | 39).
   266 | D:1      | 266 ||| SHOPLISTING leather armour (52 gold, have 39).
   266 | D:1      | 266 ||| BUYING scroll labelled ISTIUKH UWEE (26 gold).
   266 | D:1      | Bought a scroll labelled ISTIUKH UWEE for 26 gold pieces
   266 | D:1      | 266 ||| SHOPLISTING scroll labelled ISTIUKH UWEE (26 gold,
                  | have 13).
   266 | D:1      | 266 ||| SHOPLISTING scroll labelled NYAFAEJAGUN (26 gold,
                  | have 13).
   286 | D:1      | Reached XP level 2. HP: 16/16 MP: 3/3
   291 | D:1      | You fall into a shaft and drop 1 floor!
   303 | D:2      | Reached skill level 3 in Ranged Weapons
   323 | D:2      | Found a sparkling altar of Nemelex Xobeh.
   368 | D:2      | HP: 3/16 [adder (3)]
   368 | D:2      | HP: 1/16 [rat (2)]
   369 | D:2      | Slain by an adder

Levels and vault maps discovered:
D:1:      evilmike_arrival_fibonacci_small, layout_loops_ring, serial_shops,
          shop, serial_bayou_lagoon_b
D:2:      layout_basic, basic_altar, minivault_25, uniq_robin

Skill      XL: |  1  2 |
---------------+-------+-----
Ranged Weapons | 3 |  3.1
Fighting       | |  1.5
Dodging        | |  1.5
Spellcasting   | |  1.0
Hexes          | |  2.6

Action                     || total
---------------------------++-------
   Fire: Sling             ||    55
 Armour: Robe              ||    15
  Dodge: Dodged            ||    33

Table legend:
 A = Non-vault XP
 B = Vault XP
 C = Vault XP percentage of total XP
 D = Non-vault monster count
 E = Vault monster count
 F = Vault count percentage of total count
                 A         B        C        D         E       F
            +---------+---------+-------+---------+---------+-------
      Total |      46 |       0 |   0.0 |      15 |       0 |   0.0
            +---------+---------+-------+---------+---------+-------
        D:1 |      11 |       0 |   0.0 |       7 |       0 |   0.0
        D:2 |      35 |       0 |   0.0 |       8 |       0 |   0.0
            +---------+---------+-------+---------+---------+-------
